ELF, chaotic female elven Priestess ----- |<..--- --- |.....---|. --..|....|j- --.|-....@-- --|...[...) ---.|... .----@u ELF the Adept Experience level: 8 Strength: 12 Dexterity: 14 Constitution: 12 Intelligence: 9 Wisdom: 20 Charisma: 10 Health: 0(62) Energy: 145(155) AC: 0 Gold: 1038 Moves: 3612 Your Inventory: Coins $ - 1038 gold pieces Amulets n - an uncursed octagonal amulet [of ESP] Weapons a - a blessed +1 mace (weapon in hand) Armor c - an uncursed +0 small shield (being worn) z - an uncursed +1 elven leather helm (being worn) B - an uncursed +1 cloak of invisibility (being worn) C - an uncursed +0 pair of speed boots (being worn) D - a blessed +0 studded leather armor (being worn) Spellbooks h - an uncursed spellbook of healing p - an uncursed spellbook of cure blindness H - an uncursed spellbook of magic missile Potions d - 4 potions of holy water l - an uncursed potion of water Tools i - an uncursed wooden flute r - an uncursed looking glass [mirror] F - 4 uncursed [wax] candles I - an uncursed [oil] lamp called oil lamp (lit) (1:1489) K - an uncursed [tallow] candle Spells known in the end: Name Level Category Fail Memory a - cure sickness 3 healing 0% [|||||||.] b - healing 1 healing 0% [||||||||] c - cure blindness 2 healing 0% [|||||||.] d - magic missile 2 attack 48% [||||||||] Your skills at the end: Fighting Skills Weapon Skills mace [Basic / Expert] Spellcasting Skills healing spells [Basic / Expert] clerical spells [Basic / Expert] Final Attributes: You were piously aligned. Hunger level was 1655. Your alignment was 27 / 28. Monster difficulty range was 1 - 8. Level difficulty was 8. You were immune to sleep. You saw invisible. You were telepathic. You had infravision. You were invisible to others. You were very fast. You were lucky (1). You are dead. Vanquished creatures: a jaguar a dwarf lord a plains centaur a fire ant a rock piercer a fog cloud 5 gnome lords a straw golem 6 giant ants a floating eye 6 dwarves 7 hill orcs 4 rothes 2 rabid rats an iguana 2 hobbits a large kobold 2 giant rats 2 cave spiders 26 gnomes 2 geckos 7 jackals a fox 2 goblins 2 sewer rats 6 grid bugs 3 bats 2 lichens 6 newts 103 creatures vanquished. Voluntary challenges: You were an atheist. You used a wielded weapon 176 times. You read items or engraved 10 times. You put on armor 11 times. You never genocided any monsters. You never polymorphed an object. You never changed form. You used no wishes. You never wrote Elbereth's name. You encountered 1 bones level. You never used any Sokoban shortcuts. Dungeon overview: The Dungeons of Doom: levels 1 to 4 Level 1 a fountain a long staircase Level 3 an altar, some fountains Level 4 (blessed glass orb, leash) an armor shop, some fountains stairs to The Gnomish Mines The Gnomish Mines: levels 5 to 8 Level 5 stairs to The Dungeons of Doom Level 8 (Home Base) <- You were here History has recorded: On T:1 you entered the Dungeons of Doom to retrieve the Amulet of Yendor! On T:505 you reached level 2 of The Dungeons of Doom. On T:589 you advanced to experience level 2. On T:679 you advanced to experience level 3. On T:1160 you reached level 3 of The Dungeons of Doom. On T:1515 you advanced to experience level 4. On T:1747 you reached level 4 of The Dungeons of Doom. On T:2069 you advanced to experience level 5. On T:2308 you reached level 1 of The Gnomish Mines. On T:2501 you advanced to experience level 6. On T:2773 you advanced to experience level 7. On T:3130 you reached level 2 of The Gnomish Mines. On T:3256 you reached level 3 of The Gnomish Mines. On T:3332 you advanced to experience level 8. On T:3601 you reached level 4 of The Gnomish Mines. Latest messages: A gush of water hits you! Your cloak is not affected. You named this level: Home Base. Your lamp is now on. You hear the chime of a cash register. You miss the blue jelly. You hit the blue jelly! (2x) You hit the blue jelly. You hit the blue jelly! You are suddenly very cold! [HP-15=47] You hit the blue jelly. You are suddenly very cold! [HP-16=31] You hit the blue jelly! You are suddenly very cold! [HP-16=15] You miss the blue jelly. You are suddenly very cold! You die... Final status: Goodbye ELF the Priestess... You died in The Gnomish Mines on dungeon level 8 with 2307 points, and 1038 pieces of gold, after 3612 moves. You were level 8 with a maximum of 62 hit points when you died.